 Dungeon Sprint DCSS version 0.19-a0-1490-g5dd3618 (webtiles) character file.

3675 poirepourri the Unseen (level 9, -19/39 HPs)
             Began as a Spriggan Enchanter on Sept 8, 2016.
             Was a Believer of Dithmenos.
             Killed by an exploding giant spore (43 damage)
             ... in the Dungeon (Sprint I: "Red Sonja").
             The game lasted 00:03:22 (1049 turns).

poirepourri the Unseen (Spriggan Enchanter)         Turns: 1049, Time: 00:03:24

Health: -19/39     AC:  4    Str:  4    XL:     9   Next: 89%
Magic:  25/25      EV: 26    Int: 16    God:    Dithmenos [**....]
Gold:   255        SH:  0    Dex: 20    Spells: 5 memorised, 18 levels left

rFire  . . .     SeeInvis +     a - +1 dagger
rCold  . . .     Gourm    .     m - +2 robe {MR+}
rNeg   . . .     Faith    .     (shield restricted)
rPois  .         Spirit   .     (helmet restricted)
rElec  .         Dismiss  .     (no cloak)
rCorr  .         Reflect  .     (gloves unavailable)
MR     ++...     Harm     .     (boots unavailable)
Stlth  ++++...... NoTele   +    (no amulet)
                                (no ring)
                                (no ring)

@: confused, wreathed by umbra, very quick
A: unfitting armour, see invisible, herbivore 3, speed 3, slow metabolism 2
a: Shadow Step, Renounce Religion


You were in the Dungeon.
You worshipped Dithmenos.
Dithmenos was pleased with you.
You were not hungry.

You visited 1 branch You collected 742 gold pieces.
You spent 487 gold pieces at shops.

Inventory:

Hand Weapons
 a - a +1 dagger (weapon)
 k - a +0 blowgun
 l - a +0 shortbow of flaming
Missiles
 n - 14 arrows
 p - 5 curare-tipped needles
Armour
 b - a +1 robe
 m - a +2 robe of magic resistance (worn)
Scrolls
 j - a scroll of blinking
Potions
 e - 3 potions of curing
 f - a potion of heal wounds
 g - a potion of haste
 h - 2 potions of magic
 i - a potion of berserk rage
Books
 c - a book of Maledictions

   Spells                             Type                      Level
   a - Corona                         Hexes                        1
   b - Ensorcelled Hibernation        Hexes/Ice                    2
   c - Confuse                        Hexes                        3
   d - Tukima's Dance                 Hexes                        3
   e - Dazzling Spray                 Conjuration/Hexes            3
 q - a book of Misfortune

   Spells                             Type                      Level
   a - Confusing Touch                Hexes                        1
   b - Confuse                        Hexes                        3
   c - Gell's Gravitas                Hexes/Translocation          3
   d - Petrify                        Transmutation/Earth          4
   e - Metabolic Englaciation         Hexes/Ice                    5
   f - Yara's Violent Unravelling     Hexes/Transmutation          5
Comestibles
 d - a bread ration
 o - 2 fruits


   Skills:
 + Level 5.4 Short Blades
 + Level 9.2 Dodging
 + Level 20.4 Stealth
 + Level 11.4 Spellcasting
 + Level 15.4 Hexes
 - Level 1.1 Ice Magic


You had 18 spell levels left.
You knew the following spells:

 Your Spells              Type           Power        Failure   Level  Hunger
a - Corona                Hex            ######.      0%          1    None
b - Ensorcelled Hibernat  Hex/Ice        #####.       1%          2    None
c - Confuse               Hex            ######..     1%          3    None
d - Tukima's Dance        Hex            ######..     1%          3    None
e - Dazzling Spray        Conj/Hex       ####..       1%          3    None


Dungeon Overview and Level Annotations

Branches:
Dungeon (1/1)

Altars:
Cheibriados
Dithmenos
Elyvilon
Fedhas
Gozag
Hepliaklqana
Kikubaaqudgha
Makhleb
Nemelex Xobeh
Okawaru
Qazlal
Ru
Sif Muna
Trog
Uskayaw
Vehumet
Xom
Yredelemnul
Zin
The Shining One
Jiyva
Lugonu

Shops:
D :[[


Innate Abilities, Weirdness & Mutations

You are tiny and cannot use many weapons and most armour.
You have supernaturally acute eyesight. (SInv)
You are a herbivore.
You cover ground extremely quickly.
You need consume almost no food.


Message History

q - a book of Misfortune Thank you for shopping at Xidazaox's Book Boutique!
An arrow shoots out and hits you!
There is an arrow trap here.
You start resting.
HP restored.
There is an open door here.
You open the door. 2 giant spores come into view.
Found 95 gold pieces, 2 potions of curing and a scroll of identify.
The giant spore waves its rhizomes.
The giant spore explodes!
The explosion of spores engulfs you!
You are confused.
The explosion of spores engulfs the giant spore.
The giant spore explodes!
A fungus suddenly grows. x2; The explosion of spores engulfs you!
You are more confused.
Ouch! That really hurt!
You die...

#..#_____##'#..§§§§§§'..#
#⌠⌠#_.∩..÷'..._#§§§§.#§§#
####_.!__##_.#'##'#####+#
#_____###'#(#§§..###
############.####'###.##
#∩^.......'...'..÷..'.∩#
###++++####...##########
##.## #@# #$!P!$# #P?$$$#
#######


There were no monsters in sight!

Vanquished Creatures
  2 centaur warriors (D)
  Sonja (D)
  A deep troll (D)
  2 kobold demonologists (D)
  A slime creature (D)
  Sigmund (D)
  A yak (D)
  A giant eyeball (D)
  A wasp (D)
  An ogre (D)
  A jelly (D)
  Ijyb (D)
14 creatures vanquished.

Notes
Turn   | Place    | Note
-------+----------+-------------------------------------------
     0 | D        | poirepourri the Spriggan Enchanter began the quest for the Orb.
     0 | D        | Reached XP level 1. HP: 9/9 MP: 5/5
     1 | D        | Noticed Ijyb
     7 | D        | Killed Ijyb
     7 | D        | Reached skill level 6 in Stealth
     7 | D        | Reached skill level 5 in Hexes
     7 | D        | Reached XP level 2. HP: 13/13 MP: 5/7
    92 | D        | Learned a level 2 spell: Ensorcelled Hibernation
   350 | D        | Noticed an ogre
   362 | D        | Killed an ogre
   362 | D        | Reached skill level 8 in Stealth
   362 | D        | Reached skill level 5 in Spellcasting
   362 | D        | Reached XP level 3. HP: 16/16 MP: 1/10
   362 | D        | Reached XP level 4. HP: 21/21 MP: 1/12
   443 | D        | Noticed Sigmund
   448 | D        | Killed Sigmund
   448 | D        | Reached skill level 5 in Dodging
   448 | D        | Reached skill level 11 in Stealth
   448 | D        | Reached skill level 10 in Hexes
   448 | D        | Reached skill level 1 in Ice Magic
   448 | D        | Reached XP level 5. HP: 24/24 MP: 9/15
   501 | D        | Found a deep blue altar of Sif Muna.
   503 | D        | Found a radiant altar of Vehumet.
   508 | D        | Reached XP level 6. HP: 28/28 MP: 17/17
   526 | D        | Found Ycepas's Armour Emporium.
   526 | D        | Found an ancient bone altar of Kikubaaqudgha.
   526 | D        | Found a hazy altar of Hepliaklqana.
   526 | D        | Found a stormy altar of Qazlal.
   526 | D        | Found a hide-covered altar of Uskayaw.
   526 | D        | Found a blossoming altar of Fedhas.
   526 | D        | Found a bloodstained altar of Trog.
   526 | D        | Found an iron altar of Okawaru.
   526 | D        | Found a basalt altar of Yredelemnul.
   526 | D        | Found a glowing golden altar of the Shining One.
   526 | D        | Found a snail-covered altar of Cheibriados.
   526 | D        | Found a sacrificial altar of Ru.
   526 | D        | Found a glowing silver altar of Zin.
   526 | D        | Found a shadowy altar of Dithmenos.
   526 | D        | Found a white marble altar of Elyvilon.
   526 | D        | Noticed a yak
   527 | D        | Found an opulent altar of Gozag.
   528 | D        | Killed a yak
   528 | D        | Reached skill level 12 in Stealth
   529 | D        | Found a sparkling altar of Nemelex Xobeh.
   537 | D        | Became a worshipper of Dithmenos the Shadowed
   544 | D        | Bought a +2 robe of magic resistance for 247 gold pieces
   577 | D        | Learned a level 3 spell: Confuse
   581 | D        | Learned a level 3 spell: Tukima's Dance
   585 | D        | Learned a level 3 spell: Dazzling Spray
   585 | D        | Found a burning altar of Makhleb.
   585 | D        | Found a viscous altar of Jiyva.
   585 | D        | Found a shimmering altar of Xom.
   585 | D        | Found a corrupted altar of Lugonu.
   585 | D        | Noticed a slime creature
   588 | D        | Killed a slime creature
   588 | D        | Reached skill level 13 in Stealth
   588 | D        | Reached XP level 7. HP: 32/32 MP: 17/19
   639 | D        | Noticed a centaur warrior
   639 | D        | Noticed a centaur warrior
   641 | D        | Killed a centaur warrior
   641 | D        | Reached skill level 16 in Stealth
   641 | D        | Reached XP level 8. HP: 36/36 MP: 19/22
   642 | D        | Killed a centaur warrior
   642 | D        | Reached * piety under Dithmenos
   642 | D        | Reached skill level 17 in Stealth
   642 | D        | Reached skill level 10 in Spellcasting
   669 | D        | Reached XP level 9. HP: 39/39 MP: 24/24
   699 | D        | Noticed a deep troll
   701 | D        | Killed a deep troll
   701 | D        | Reached skill level 18 in Stealth
   717 | D        | Found Ediwnos's Armour Emporium.
   891 | D        | Noticed a kobold demonologist
   892 | D        | Noticed a kobold demonologist
   894 | D        | Killed a kobold demonologist
   894 | D        | Reached ** piety under Dithmenos
   894 | D        | Reached skill level 19 in Stealth
   894 | D        | Reached skill level 15 in Hexes
   897 | D        | Killed a kobold demonologist
   897 | D        | Reached skill level 5 in Short Blades
   909 | D        | Noticed a demonic crawler
   909 | D        | Noticed a demonic crawler
   909 | D        | Noticed a demonic crawler
   909 | D        | Noticed a demonic crawler
   935 | D        | Noticed Sonja
   942 | D        | Killed Sonja
   942 | D        | Reached skill level 20 in Stealth
   980 | D        | Found Xidazaox's Book Boutique.
   988 | D        | Bought a book of Misfortune for 240 gold pieces
  1049 | D        | Killed by an exploding giant spore

Vault maps used:
D:        dungeon_sprint_1

Skill      XL: |  1  2  3  4  5  6  7  8  9 |
---------------+----------------------------+-----
Stealth        | 6 8 11 13 16 17 20 | 20.4
Spellcasting   | 3 5 6 7 8 9 10 11 | 11.4
Hexes          | 5 8 10 12 13 14 15 | 15.4
Dodging        | 4 5 6 7 8 9 |  9.2
Ice Magic      | 1 |  1.1
Short Blades   | 2 3 4 5 |  5.4

Action                   |  1- 3 |  4- 6 |  7- 9 || total
-------------------------+-------+-------+-------++-------
Melee: Dagger            |     8 |     5 |     8 ||    21
 Cast: Ensorcelled Hiber |     2 |     1 |     1 ||     4
  Use: Scroll            |       |     1 |     1 ||     2
 Stab: Sleeping          |     2 |     4 |     8 ||    14
Dodge: Dodged            |     4 |     2 |       ||     6
